[Event "Turkish Cup 2024"]
[Site "Denizli"]
[Date "2024.07.30"]
[Round "1"]
[White "Maruflu, Enes Yusuf"]
[Black "Agce, Koray Mert"]
[Result "1-0"]
[ECO "A13"]
[WhiteElo "2228"]
[BlackElo "1579"]
[Annotator "RC"]
[PlyCount "85"]
[EventDate "2024.08.01"]
[EventType "swiss"]
[EventCountry "TUR"]
[SourceTitle "playchess.com"]
[Source "ChessBase"]
[SourceQuality "1"]
[TimeControl "5400+30"]

1. Nf3 e6 2. b3 d5 3. Bb2 Nf6 4. e3 c5 5. Be2 Nc6 6. O-O Be7 7. c4 O-O 8. d4 cxd4 9. Nxd4 Re8 10. cxd5 exd5 11. Nc3 a6 12. Nxc6 bxc6 13. Rc1 Bb7 14. Na4 Ne4 15. Bd3 Bd6 16. Qg4 Qg5 17. Qxg5 Nxg5 18. Rfd1 Ne6 19. g3 f6 20. h4 Be5 21. Bf5 Bxb2 22. Nxb2 g6 23. Bh3 f5 24. Nd3 a5 25. a3 Nf8 26. Nc5 Bc8 27. Bg2 Nd7 28. Rxd5 Nf6 29. Rd4 Ne4 30. Nxe4 fxe4 31. Rxe4 Rd8 32. Rd4 Rxd4 33. exd4 Be6 34. Bxc6 Rc8 35. d5 Bf7 36. b4 axb4 37. axb4 Kf8 38. Re1 h6 39. b5 g5 40. hxg5 hxg5 41. b6 Bh5 42. b7 Rb8 43. d6 1-0

[Event "Turkish Cup 2024"]
[Site "Denizli"]
[Date "2024.07.30"]
[Round "1"]
[White "Ozdemir, Serhan Berat"]
[Black "Atay, Kayra"]
[Result "1-0"]
[ECO "C04"]
[WhiteElo "2194"]
[BlackElo "1537"]
[Annotator "RC"]
[PlyCount "69"]
[EventDate "2024.08.01"]
[EventType "swiss"]
[EventCountry "TUR"]
[SourceTitle "playchess.com"]
[Source "ChessBase"]
[SourceQuality "1"]
[TimeControl "5400+30"]

1. e4 e6 2. d4 d5 3. Nd2 Nc6 4. Ngf3 Nf6 5. e5 Nd7 6. Bb5 a6 7. Bxc6 bxc6 8. c4 c5 9. cxd5 exd5 10. Qa4 Be7 11. dxc5 O-O 12. b4 a5 13. Nb3 Nxe5 14. Nxe5 Bf6 15. Bb2 Bxe5 16. Bxe5 Re8 17. O-O Rxe5 18. Rae1 Rxe1 19. Rxe1 Be6 20. b5 Qf6 21. Qd4 a4 22. Qxf6 gxf6 23. Nd4 Rb8 24. a3 Kf8 25. f4 Bd7 26. c6 Be6 27. f5 Bxf5 28. Nxf5 Rxb5 29. g4 h5 30. Nd4 Rc5 31. gxh5 Rc4 32. Nf5 Rxc6 33. h6 Rc3 34. h7 Rh3 35. Rb1 1-0

[Event "Turkish Cup 2024"]
[Site "Denizli"]
[Date "2024.07.30"]
[Round "1"]
[White "Uysal, Ugur"]
[Black "Caliskan, Behcet"]
[Result "1-0"]
[ECO "A50"]
[WhiteElo "2114"]
[BlackElo "1575"]
[Annotator "RC"]
[PlyCount "69"]
[EventDate "2024.08.01"]
[EventType "swiss"]
[EventCountry "TUR"]
[SourceTitle "playchess.com"]
[Source "ChessBase"]
[SourceQuality "1"]
[TimeControl "5400+30"]

1. Nf3 Nf6 2. d4 g6 3. c4 Bg7 4. g3 b6 5. Bg2 Bb7 6. O-O O-O 7. Re1 d6 8. Qc2 Nbd7 9. e4 e5 10. dxe5 dxe5 11. Nc3 Re8 12. b3 c6 13. Ba3 Qc7 14. Rad1 Bf8 15. Bb2 Rad8 16. a3 a5 17. Bh3 Nb8 18. Na4 Rxd1 19. Rxd1 Nfd7 20. Qd2 Bc8 21. b4 axb4 22. axb4 f6 23. Bc3 Kg7 24. Nb2 Be7 25. Qe3 Rd8 26. Nd3 Nf8 27. Bxc8 Rxc8 28. Ndxe5 Rd8 29. Ra1 Bxb4 30. Bxb4 fxe5 31. Nxe5 c5 32. Bc3 Kg8 33. Ng4 Ne6 34. Nf6+ Kf8 35. Qh6+ 1-0

[Event "Turkish Cup 2024"]
[Site "Denizli"]
[Date "2024.07.30"]
[Round "1"]
[White "Cevizci, Yusuf Baran"]
[Black "Altun, Halil"]
[Result "1-0"]
[ECO "B22"]
[WhiteElo "2102"]
[BlackElo "1562"]
[Annotator "ChessBase"]
[PlyCount "53"]
[EventDate "2024.08.01"]
[EventType "swiss"]
[EventCountry "TUR"]
[SourceTitle "playchess.com"]
[Source "ChessBase"]
[SourceQuality "1"]
[TimeControl "5400+30"]

1. e4 c5 2. c3 d5 3. exd5 Qxd5 4. d4 cxd4 5. cxd4 Nc6 6. Nf3 Bg4 7. Nc3 Bxf3 8. Nxd5 Bxd1 9. Nc7+ Kd8 10. Nxa8 Bh5 11. d5 Nb4 12. Be3 Nc2+ 13. Kd2 Nxe3 14. fxe3 Nf6 15. Be2 Ne4+ 16. Ke1 Bxe2 17. Kxe2 Kc8 18. Rac1+ Kb8 19. Nc7 a6 20. Rhf1 Nd6 21. e4 g6 22. e5 Nf5 23. g4 Nh6 24. e6 f5 25. h3 fxg4 26. d6 exd6 27. Rxf8+ 1-0

[Event "Turkish Cup 2024"]
[Site "Denizli"]
[Date "2024.07.30"]
[Round "1"]
[White "Kavri, Yusuf Eren"]
[Black "Karakas, Mehmet Akif"]
[Result "1-0"]
[ECO "A00"]
[WhiteElo "2090"]
[BlackElo "1549"]
[Annotator "ChessBase"]
[PlyCount "51"]
[EventDate "2024.08.01"]
[EventType "swiss"]
[EventCountry "TUR"]
[SourceTitle "playchess.com"]
[Source "ChessBase"]
[SourceQuality "1"]
[TimeControl "5400+30"]

1. b4 e5 2. Bb2 d6 3. c4 Nf6 4. e3 Be7 5. d3 O-O 6. Nf3 Bg4 7. Be2 Nbd7 8. O-O c6 9. Nbd2 a6 10. a4 a5 11. b5 Qc7 12. Nb3 c5 13. h3 Be6 14. Rc1 b6 15. d4 e4 16. Nfd2 Bf5 17. Nb1 Bg6 18. Nc3 Rfe8 19. f4 exf3 20. Bxf3 Rad8 21. Bc6 Bf8 22. Qf3 Re7 23. Rfe1 Nb8 24. Nd2 Nxc6 25. bxc6 Ne8 26. Nd5 1-0

[Event "Turkish Cup 2024"]
[Site "Denizli"]
[Date "2024.07.30"]
[Round "1"]
[White "Atis, Hasan"]
[Black "Unal, Yalcin"]
[Result "1-0"]
[ECO "B46"]
[WhiteElo "2080"]
[BlackElo "1561"]
[Annotator "RC"]
[PlyCount "53"]
[EventDate "2024.08.01"]
[EventType "swiss"]
[EventCountry "TUR"]
[SourceTitle "playchess.com"]
[Source "ChessBase"]
[SourceQuality "1"]
[TimeControl "5400+30"]

1. e4 c5 2. Nf3 e6 3. Nc3 Nc6 4. d4 cxd4 5. Nxd4 a6 6. Nxc6 bxc6 7. Bd3 d5 8. O-O h5 9. Re1 Bb4 10. Bd2 d4 11. Na4 Qa5 12. c3 dxc3 13. Nxc3 Qd8 14. Qf3 Qf6 15. Qe3 Qe7 16. e5 Nh6 17. a3 Bc5 18. Qg3 Ng4 19. Ne4 Bd4 20. Bc3 Bxc3 21. bxc3 Kf8 22. Nd6 a5 23. Rab1 Qc7 24. Be4 Bd7 25. Qf4 Nh6 26. Bg6 Be8 27. Rb7 1-0

[Event "Turkish Cup 2024"]
[Site "Denizli"]
[Date "2024.07.30"]
[Round "1"]
[White "Turgut, Hakan"]
[Black "Uslu, Tarik"]
[Result "1-0"]
[ECO "D37"]
[WhiteElo "2052"]
[BlackElo "1564"]
[Annotator "RC"]
[PlyCount "43"]
[EventDate "2024.08.01"]
[EventType "swiss"]
[EventCountry "TUR"]
[SourceTitle "playchess.com"]
[Source "ChessBase"]
[SourceQuality "1"]
[TimeControl "5400+30"]

1. d4 d5 2. c4 e6 3. Nc3 Nf6 4. Nf3 Be7 5. Bf4 a6 6. cxd5 Nxd5 7. Bd2 c5 8. e4 cxd4 9. Nxd4 Nf6 10. Be3 b5 11. Bd3 O-O 12. O-O Bb7 13. e5 Nd5 14. Nxd5 Qxd5 15. Qg4 Qxe5 16. Nf3 Bxf3 17. Qxf3 Bd6 18. g3 Nd7 19. Bf4 Qd4 20. Rad1 Ne5 21. Bxh7+ Kh8 22. Qh5 1-0

[Event "Turkish Cup 2024"]
[Site "Denizli"]
[Date "2024.07.30"]
[Round "1"]
[White "Yilmaz, Kerem Tuna"]
[Black "Turk, Burak"]
[Result "1-0"]
[ECO "B38"]
[WhiteElo "2025"]
[BlackElo "1585"]
[Annotator "RC"]
[PlyCount "73"]
[EventDate "2024.08.01"]
[EventType "swiss"]
[EventCountry "TUR"]
[SourceTitle "playchess.com"]
[Source "ChessBase"]
[SourceQuality "1"]
[TimeControl "5400+30"]

1. e4 c5 2. Nf3 g6 3. d4 cxd4 4. Nxd4 Bg7 5. c4 Nc6 6. Be3 Nf6 7. Nc3 d6 8. Be2 O-O 9. O-O Bd7 10. f3 Qb6 11. Na4 Qa5 12. Nb5 Ne5 13. b4 Qd8 14. Nxa7 Bxa4 15. Qxa4 Nc6 16. Nxc6 Rxa4 17. Nxd8 Rxd8 18. c5 Nd7 19. Rad1 Rxa2 20. cxd6 exd6 21. Bb5 Ne5 22. Rf2 Rxf2 23. Kxf2 Nc6 24. Bb6 Ra8 25. Rxd6 Ra2+ 26. Be2 Rb2 27. b5 Bf8 28. Rd7 Ne5 29. Rxb7 Nd3+ 30. Ke3 Nc1 31. Bc4 Bh6+ 32. f4 Rxg2 33. Bxf7+ Kg7 34. Bd4+ Kf8 35. Bc5+ Kg7 36. Bd5+ Kf6 37. Rf7# 1-0

[Event "Turkish Cup 2024"]
[Site "Denizli"]
[Date "2024.07.30"]
[Round "1"]
[White "Yildirim, Ibrahim Halil"]
[Black "Isler, Ulviye Yaren"]
[Result "1-0"]
[ECO "B01"]
[WhiteElo "2024"]
[BlackElo "1566"]
[Annotator "RC"]
[PlyCount "100"]
[EventDate "2024.08.01"]
[EventType "swiss"]
[EventCountry "TUR"]
[SourceTitle "playchess.com"]
[Source "ChessBase"]
[SourceQuality "1"]
[TimeControl "5400+30"]

1. e4 d5 2. exd5 Qxd5 3. Nc3 Qd6 4. d4 c6 5. Nf3 Nf6 6. Ne5 Bf5 7. g4 Bg6 8. Bg2 Nbd7 9. f4 e6 10. Be3 O-O-O 11. Qf3 Nb6 12. O-O Nfd5 13. Nxd5 Nxd5 14. c3 Qc7 15. Rae1 Bd6 16. Nc4 h5 17. Nxd6+ Qxd6 18. g5 f6 19. Bd2 fxg5 20. fxg5 Rdf8 21. Qe2 Bf5 22. a3 g6 23. c4 Ne7 24. Bc3 Rh7 25. b4 Rhf7 26. Qe3 a6 27. a4 Kd7 28. Rf2 Bg4 29. Rxf7 Rxf7 30. b5 axb5 31. axb5 cxb5 32. Rb1 Nc6 33. Rxb5 Kc8 34. d5 Nd8 35. dxe6 Qd1+ 36. Be1 Bxe6 37. Rc5+ Rc7 38. Rxc7+ Kxc7 39. Qe5+ Qd6 40. Ba5+ Kd7 41. Qxd6+ Kxd6 42. Bxd8 Bxc4 43. Bxb7 Ke5 44. Kf2 Be6 45. Kg3 Bg4 46. Bf6+ Kd6 47. Be4 Bf5 48. Bxf5 gxf5 49. g6 Ke6 50. g7 Kd5 1-0

[Event "Turkish Cup 2024"]
[Site "Denizli"]
[Date "2024.07.30"]
[Round "1"]
[White "Turkmen, Ataberk"]
[Black "Ozavci, Mustafa"]
[Result "1-0"]
[ECO "B00"]
[WhiteElo "2022"]
[BlackElo "1454"]
[Annotator "RC"]
[PlyCount "73"]
[EventDate "2024.08.01"]
[EventType "swiss"]
[EventCountry "TUR"]
[SourceTitle "playchess.com"]
[Source "ChessBase"]
[SourceQuality "1"]
[TimeControl "5400+30"]

1. e4 b6 2. d4 d6 3. Nc3 g6 4. Bc4 Bg7 5. f4 e6 6. Nf3 Bb7 7. Bb3 Ne7 8. O-O O-O 9. Qe1 d5 10. e5 Nd7 11. Ne2 c5 12. c3 Rc8 13. g4 c4 14. Bc2 f6 15. Qh4 Rf7 16. exf6 Bxf6 17. Qh3 Nf8 18. Bd2 Rc7 19. Ne5 Bxe5 20. fxe5 Nc6 21. Bh6 Bc8 22. Qe3 Qe8 23. Nf4 Ne7 24. Nh3 Nc6 25. Ng5 Nd8 26. Nxf7 Nxf7 27. Bxf8 Qxf8 28. Rf6 Qg7 29. Raf1 b5 30. h4 Qh6 31. Qf2 Qg7 32. g5 Re7 33. h5 gxh5 34. g6 hxg6 35. Rxg6 Qxg6+ 36. Bxg6 Ng5 37. Qf8# 1-0

[Event "Turkish Cup 2024"]
[Site "Denizli"]
[Date "2024.07.30"]
[Round "1"]
[White "Ilgaz, Yusuf Kerem"]
[Black "Vardar, Kuzey"]
[Result "1-0"]
[ECO "B11"]
[WhiteElo "2006"]
[BlackElo "1569"]
[Annotator "RC"]
[PlyCount "104"]
[EventDate "2024.08.01"]
[EventType "swiss"]
[EventCountry "TUR"]
[SourceTitle "playchess.com"]
[Source "ChessBase"]
[SourceQuality "1"]
[TimeControl "5400+30"]

1. e4 c6 2. Nc3 d5 3. Nf3 dxe4 4. Nxe4 Bg4 5. h3 Bxf3 6. Qxf3 Nf6 7. b3 Nbd7 8. Bb2 e6 9. O-O-O Be7 10. g4 Nxe4 11. Qxe4 Bf6 12. d4 Qa5 13. Kb1 O-O-O 14. Bg2 Qd5 15. Qxd5 exd5 16. h4 h6 17. f4 g6 18. Bf1 Rde8 19. Bd3 Bg7 20. h5 gxh5 21. Rxh5 Nf6 22. Bf5+ Kc7 23. Rh2 Ne4 24. Kc1 Bf8 25. Rd3 Bd6 26. Rf3 Ng5 27. Rf1 Ne4 28. Rh3 b5 29. c3 a5 30. Kc2 Kb6 31. Bc1 b4 32. c4 Kb7 33. Kd3 Nc3 34. c5 Bc7 35. a4 Kb8 36. Be3 Kb7 37. Rfh1 Re7 38. g5 h5 39. Rxh5 Rhe8 40. R5h3 Ne2 41. Rf1 Nc3 42. g6 fxg6 43. Bxg6 Rg8 44. f5 Re4 45. f6 Rg4 46. f7 R4xg6 47. f8=Q Rxf8 48. Rxf8 Rg7 49. Rhf3 Ne4 50. R8f7 Rxf7 51. Rxf7 Kc8 52. Bf4 Nc3 1-0

[Event "Turkish Cup 2024"]
[Site "Denizli"]
[Date "2024.07.30"]
[Round "1"]
[White "Bulgurlu, Okan"]
[Black "Kanik, Ahmet"]
[Result "1-0"]
[ECO "A07"]
[WhiteElo "1964"]
[BlackElo "1597"]
[Annotator "RC"]
[PlyCount "55"]
[EventDate "2024.08.01"]
[EventType "swiss"]
[EventCountry "TUR"]
[SourceTitle "playchess.com"]
[Source "ChessBase"]
[SourceQuality "1"]
[TimeControl "5400+30"]

1. Nf3 Nf6 2. g3 d5 3. Bg2 h6 4. O-O Bf5 5. c4 e6 6. Qb3 dxc4 7. Qxb7 Nbd7 8. Nd4 Rb8 9. Qc6 Bc5 10. Nxf5 exf5 11. Qf3 O-O 12. Qxf5 Re8 13. Nc3 Ne5 14. Ne4 Nxe4 15. Bxe4 Rb6 16. Qh7+ Kf8 17. b3 Qd4 18. Rb1 Ng4 19. Bb2 Rxe4 20. Bxd4 Rxd4 21. e3 Rxd2 22. Qf5 Bb4 23. Qxg4 c3 24. a3 c2 25. Qc8+ Ke7 26. Qxc7+ Kf6 27. Rbc1 Bd6 28. Qc3+ 1-0

[Event "Turkish Cup 2024"]
[Site "Denizli"]
[Date "2024.07.30"]
[Round "1"]
[White "Hatirli, Ugur Can"]
[Black "Civlez, Emin Kadir"]
[Result "1-0"]
[ECO "D41"]
[WhiteElo "1948"]
[BlackElo "1563"]
[Annotator "RC"]
[PlyCount "77"]
[EventDate "2024.08.01"]
[EventType "swiss"]
[EventCountry "TUR"]
[SourceTitle "playchess.com"]
[Source "ChessBase"]
[SourceQuality "1"]
[TimeControl "5400+30"]

1. d4 d5 2. c4 e6 3. Nf3 c5 4. Nc3 Nf6 5. cxd5 Nxd5 6. e3 Nxc3 7. bxc3 cxd4 8. cxd4 Nc6 9. Bd3 Bb4+ 10. Kf1 Qb6 11. Rb1 Qc7 12. Qc2 Bd6 13. Bd2 Bd7 14. Ng5 f5 15. Qb3 Ke7 16. Qxb7 Rab8 17. Qxc7 Rxb1+ 18. Bxb1 Bxc7 19. Ke2 h6 20. Nf3 Rb8 21. Bc3 Ba5 22. Bxa5 Nxa5 23. Ne5 Rb2+ 24. Kf3 Bc6+ 25. Nxc6+ Nxc6 26. Bd3 Rxa2 27. Bb5 Kd6 28. Rc1 Nb4 29. Rc8 Ke7 30. Rc7+ Kf6 31. Be8 Nd5 32. Rf7+ Kg5 33. Rxg7+ Kf6 34. Rf7+ Kg5 35. g3 h5 36. Rh7 Rc2 37. h4+ Kf6 38. Rf7+ Kg6 39. Rc7+ 1-0

[Event "Turkish Cup 2024"]
[Site "Denizli"]
[Date "2024.07.30"]
[Round "1"]
[White "Kocakaplan, Emre"]
[Black "Kayikcioglu, Murat"]
[Result "1-0"]
[ECO "E01"]
[WhiteElo "1926"]
[BlackElo "1558"]
[Annotator "ChessBase"]
[PlyCount "81"]
[EventDate "2024.08.01"]
[EventType "swiss"]
[EventCountry "TUR"]
[SourceTitle "playchess.com"]
[Source "ChessBase"]
[SourceQuality "1"]
[TimeControl "5400+30"]

1. d4 d5 2. Nf3 Nf6 3. c4 e6 4. g3 c6 5. Qc2 Nbd7 6. Bg2 Ne4 7. O-O f5 8. Nc3 Ndf6 9. Ne5 Be7 10. f3 Nd6 11. c5 Nf7 12. Nxf7 Kxf7 13. Be3 h5 14. h3 Bd7 15. Bf2 g5 16. e4 Qg8 17. exf5 exf5 18. Rae1 g4 19. fxg4 hxg4 20. h4 Rf8 21. Be3 Nh5 22. Nxd5 Nxg3 23. Nxe7 Qh7 24. Bg5 Nxf1 25. Rxf1 Ke8 26. d5 f4 27. Be4 Qxe7 28. Bxe7 Kxe7 29. dxc6 bxc6 30. Qd2 f3 31. Qd6+ Ke8 32. Bxc6 Bxc6 33. Qxc6+ Kf7 34. Qd5+ Kg6 35. Qg5+ Kh7 36. Qh5+ Kg7 37. Qxg4+ Kh7 38. Kh2 Rhg8 39. Qh5+ Kg7 40. Rg1+ Kf6 41. Qxf3+ 1-0

[Event "Turkish Cup 2024"]
[Site "Denizli"]
[Date "2024.07.30"]
[Round "1"]
[White "Topal, Hasan Gokmen"]
[Black "Oruc, Mustafa Ismet"]
[Result "1-0"]
[ECO "B31"]
[WhiteElo "1905"]
[BlackElo "1453"]
[Annotator "ChessBase"]
[PlyCount "73"]
[EventDate "2024.08.01"]
[EventType "swiss"]
[EventCountry "TUR"]
[SourceTitle "playchess.com"]
[Source "ChessBase"]
[SourceQuality "1"]
[TimeControl "5400+30"]

1. e4 c5 2. Nf3 Nc6 3. Bb5 g6 4. Bxc6 bxc6 5. O-O Bg7 6. Re1 d5 7. e5 e6 8. d3 h6 9. b3 Ba6 10. Nc3 Bb5 11. a4 Ba6 12. Ba3 Qb6 13. Rb1 Ne7 14. b4 cxb4 15. d4 c5 16. dxc5 Qxc5 17. Bxb4 Qc7 18. Nb5 Bxb5 19. axb5 O-O 20. Nd4 Rfe8 21. Qe2 Nc8 22. c3 Nb6 23. Ra1 Nc4 24. f4 Qb6 25. Ra6 Qb7 26. h4 g5 27. hxg5 hxg5 28. g3 gxf4 29. gxf4 Nb6 30. Qg4 Nd7 31. f5 f6 32. fxe6 Nxe5 33. Rxe5 fxe5 34. Nf5 Rf8 35. Bxf8 Rxf8 36. e7 Rxf5 37. e8=Q+ 1-0

[Event "Turkish Cup 2024"]
[Site "Denizli"]
[Date "2024.07.30"]
[Round "1"]
[White "Cakir, Ege"]
[Black "Kaya, Huseyin Talha"]
[Result "1-0"]
[ECO "E16"]
[WhiteElo "1889"]
[BlackElo "1621"]
[Annotator "NA"]
[PlyCount "51"]
[EventDate "2024.08.01"]
[EventType "swiss"]
[EventCountry "TUR"]
[SourceTitle "playchess.com"]
[Source "ChessBase"]
[SourceQuality "1"]
[TimeControl "5400+30"]

1. d4 Nf6 2. Nf3 d5 3. g3 c5 4. Bg2 e6 5. O-O b6 6. c4 Bb7 7. Nc3 h6 8. Bf4 a6 9. Ne5 g5 10. Be3 Nbd7 11. Qa4 Qc7 12. Nxd7 Qxd7 13. Qxd7+ Kxd7 14. Rfd1 Rb8 15. b3 Be7 16. dxc5 bxc5 17. cxd5 exd5 18. Nxd5 Nxd5 19. Bxd5 Bxd5 20. Rxd5+ Kc6 21. Rf5 Rhf8 22. Rc1 Rb5 23. Rc3 Bd6 24. a4 Ra5 25. Rf6 Kd5 26. Rd3+ 1-0

[Event "Turkish Cup 2024"]
[Site "Denizli"]
[Date "2024.07.30"]
[Round "1"]
[White "Karaca, Yigit"]
[Black "Tufaner, Ayaz"]
[Result "1-0"]
[ECO "B24"]
[WhiteElo "1879"]
[BlackElo "1517"]
[Annotator "NA"]
[PlyCount "65"]
[EventDate "2024.08.01"]
[EventType "swiss"]
[EventCountry "TUR"]
[SourceTitle "playchess.com"]
[Source "ChessBase"]
[SourceQuality "1"]
[TimeControl "5400+30"]

1. e4 c5 2. Nc3 Nc6 3. g3 Nf6 4. Bg2 d6 5. h3 e5 6. d3 h6 7. Nf3 a6 8. O-O Be6 9. a3 Qd7 10. Kh2 Be7 11. Be3 g5 12. Nd2 h5 13. f4 gxf4 14. gxf4 exf4 15. Bxf4 Rg8 16. Rf2 O-O-O 17. Nd5 Bg4 18. Nb6+ Kc7 19. Nxd7 Bxd1 20. Nxf6 Bxf6 21. Rxd1 Bh4 22. Rff1 Nd4 23. Nf3 Ne2 24. Nxh4 Nxf4 25. Rxf4 Rg7 26. Rdf1 Rf8 27. Rf6 Kd7 28. Nf5 Rg6 29. Ne3 Rxf6 30. Rxf6 Ke7 31. Nd5+ Kd8 32. Bf3 b5 33. Bxh5 1-0

[Event "Turkish Cup 2024"]
[Site "Denizli"]
[Date "2024.07.30"]
[Round "1"]
[White "Avci, Ahmet Turhan"]
[Black "Dirikolu, Deniz"]
[Result "0-1"]
[ECO "C25"]
[WhiteElo "1679"]
[BlackElo "1911"]
[Annotator "ChessBase"]
[PlyCount "52"]
[EventDate "2024.08.01"]
[EventType "swiss"]
[EventCountry "TUR"]
[SourceTitle "playchess.com"]
[Source "ChessBase"]
[SourceQuality "1"]
[TimeControl "5400+30"]

1. e4 e5 2. Nc3 Nc6 3. f4 exf4 4. Nf3 g5 5. Bc4 d6 6. O-O Bg4 7. d4 Bg7 8. Bb5 a6 9. Bxc6+ bxc6 10. Qd3 h6 11. Bd2 Ne7 12. Rae1 O-O 13. h4 Ng6 14. hxg5 hxg5 15. Nd1 Bd7 16. Nh2 c5 17. e5 dxe5 18. d5 f5 19. Nc3 e4 20. Qc4 Bd4+ 21. Kh1 Ne5 22. Qb3 Kg7 23. d6 Rh8 24. g3 Rxh2+ 25. Kxh2 Qh8+ 26. Kg2 f3+ 0-1

[Event "Turkish Cup 2024"]
[Site "Denizli"]
[Date "2024.07.30"]
[Round "1"]
[White "Coskun, Kursat"]
[Black "Gungor, Cihan Akif"]
[Result "1/2-1/2"]
[ECO "A57"]
[WhiteElo "1668"]
[BlackElo "2024"]
[Annotator "RC"]
[PlyCount "102"]
[EventDate "2024.08.01"]
[EventType "swiss"]
[EventCountry "TUR"]
[SourceTitle "playchess.com"]
[Source "ChessBase"]
[SourceQuality "1"]
[TimeControl "5400+30"]

1. d4 Nf6 2. c4 c5 3. d5 b5 4. e3 g6 5. a3 Bg7 6. Nf3 O-O 7. Nc3 a6 8. Be2 bxc4 9. Bxc4 d6 10. h3 Nbd7 11. O-O Nb6 12. Ba2 a5 13. Re1 Ba6 14. e4 Nfd7 15. Bd2 Nc4 16. Bxc4 Bxc4 17. Rc1 Rb8 18. Qc2 Qc8 19. Bg5 Re8 20. Bf4 Qb7 21. Nd2 Ba6 22. b3 Rec8 23. Rb1 Nb6 24. Nc4 Bxc3 25. Qxc3 Nxc4 26. bxc4 Qxb1 27. Rxb1 Rxb1+ 28. Kh2 a4 29. Qa5 Bxc4 30. Qxa4 Bb5 31. Qa7 Re8 32. Bh6 f6 33. h4 c4 34. Qc7 Rb3 35. a4 Bxa4 36. Qxc4 Ra8 37. Qc7 Kf7 38. e5 fxe5 39. Bg5 Re8 40. Qc4 Ra3 41. Qb4 Ra1 42. Qg4 Ra2 43. Qe6+ Kg7 44. f3 e4 45. Bxe7 exf3 46. Qf6+ Kg8 47. Qe6+ Kg7 48. Qf6+ Kg8 49. Qe6+ Kg7 50. Qf6+ Kg8 51. Qe6+ Kg7 1/2-1/2

[Event "Turkish Cup 2024"]
[Site "Denizli"]
[Date "2024.07.30"]
[Round "1"]
[White "Ozaydin, Yilmaz Ege"]
[Black "Topuz, Mirac Melih"]
[Result "0-1"]
[ECO "B47"]
[WhiteElo "1632"]
[BlackElo "2148"]
[Annotator "RC"]
[PlyCount "68"]
[EventDate "2024.08.01"]
[EventType "swiss"]
[EventCountry "TUR"]
[SourceTitle "playchess.com"]
[Source "ChessBase"]
[SourceQuality "1"]
[TimeControl "5400+30"]

1. e4 c5 2. Nf3 e6 3. d4 cxd4 4. Nxd4 Nc6 5. Nc3 Qc7 6. g3 a6 7. Nb3 Nf6 8. Bg2 Be7 9. O-O O-O 10. f4 d6 11. g4 Nd7 12. g5 f6 13. h4 b5 14. a3 Nb6 15. Rf3 Nc4 16. Rg3 Rb8 17. g6 h6 18. Qe2 f5 19. exf5 Rxf5 20. h5 d5 21. Nd1 Bd7 22. Nf2 Qb6 23. Bh3 Rf6 24. Kh2 Bd6 25. Nd3 Rbf8 26. a4 Kh8 27. axb5 axb5 28. Qg2 Ne7 29. c3 Nf5 30. Bxf5 Rxf5 31. Nd4 Rxh5+ 32. Rh3 Rxh3+ 33. Qxh3 Qc7 34. Nxe6 Qc8 0-1

[Event "Turkish Cup 2024"]
[Site "Denizli"]
[Date "2024.07.30"]
[Round "1"]
[White "Sandikci, Eymen"]
[Black "Baylav, Can"]
[Result "0-1"]
[ECO "A48"]
[WhiteElo "1629"]
[BlackElo "2086"]
[Annotator "ChessBase"]
[PlyCount "94"]
[EventDate "2024.08.01"]
[EventType "swiss"]
[EventCountry "TUR"]
[SourceTitle "playchess.com"]
[Source "ChessBase"]
[SourceQuality "1"]
[TimeControl "5400+30"]

1. d4 Nf6 2. Bf4 g6 3. Nf3 Bg7 4. e3 b6 5. Be2 Bb7 6. O-O O-O 7. h3 c5 8. c3 d6 9. Nbd2 Nbd7 10. Rc1 Rc8 11. Qb3 Rc7 12. Rfe1 Qa8 13. Bh2 Rcc8 14. Bc4 h6 15. a4 Ne4 16. Nxe4 Bxe4 17. Qd1 Nf6 18. Bf1 Rfd8 19. Nd2 Bb7 20. Qb3 e6 21. Nc4 Bd5 22. Qd1 Ne8 23. b4 e5 24. Qd2 Qb7 25. Qb2 Qe7 26. Nd2 Ba8 27. Be2 cxd4 28. exd4 exd4 29. Ba6 Qg5 30. Ne4 Bxe4 31. Rxe4 Rxc3 32. Rxc3 dxc3 33. Qc2 d5 34. Re1 d4 35. f4 Qd5 36. Bd3 Nd6 37. Bg3 Nf5 38. Bf2 Bf6 39. Rd1 Ne7 40. Be1 Nc6 41. b5 Nb4 42. Qb1 Qc5 43. Rc1 Nxd3 44. Qxd3 Qf5 45. Qf1 d3 46. g4 Qe4 47. Bxc3 Bxc3 0-1

[Event "Turkish Cup 2024"]
[Site "Denizli"]
[Date "2024.07.30"]
[Round "1"]
[White "Kandemir, Alper Birkan"]
[Black "Metin, Enis"]
[Result "0-1"]
[ECO "B21"]
[WhiteElo "1594"]
[BlackElo "2142"]
[Annotator "RC"]
[PlyCount "74"]
[EventDate "2024.08.01"]
[EventType "swiss"]
[EventCountry "TUR"]
[SourceTitle "playchess.com"]
[Source "ChessBase"]
[SourceQuality "1"]
[TimeControl "5400+30"]

1. e4 c5 2. d4 cxd4 3. Nf3 d6 4. c3 d3 5. Bxd3 g6 6. O-O Bg7 7. Re1 Nc6 8. Na3 Nf6 9. Bg5 h6 10. Bxf6 Bxf6 11. Nc4 Bg7 12. e5 d5 13. Ne3 O-O 14. c4 d4 15. Nc2 Bg4 16. Be4 Nxe5 17. Ncxd4 Nxc4 18. Qb3 Nd6 19. Bxg6 Qb6 20. Qxb6 axb6 21. Bd3 Ra4 22. b3 Rxd4 23. Nxd4 Bxd4 24. Rac1 e5 25. Rc7 b5 26. h3 Be6 27. Bb1 b4 28. Rd1 Rd8 29. Kf1 Bd5 30. Rcc1 Nb5 31. Rd3 Nc3 32. Rg3+ Kf8 33. Bh7 Ke7 34. Rc2 Ra8 35. f4 Nxa2 36. fxe5 Nc3 37. Rd3 Ra1+ 0-1

[Event "Turkish Cup 2024"]
[Site "Denizli"]
[Date "2024.07.30"]
[Round "1"]
[White "Turkay, Metin"]
[Black "Korkmaz, Necmettin"]
[Result "1-0"]
[ECO "D02"]
[WhiteElo "1576"]
[BlackElo "2091"]
[Annotator "ChessBase"]
[PlyCount "121"]
[EventDate "2024.08.01"]
[EventType "swiss"]
[EventCountry "TUR"]
[SourceTitle "playchess.com"]
[Source "ChessBase"]
[SourceQuality "1"]
[TimeControl "5400+30"]

1. d4 Nf6 2. Bf4 d5 3. e3 c5 4. Nf3 Nc6 5. Bb5 Qa5+ 6. Nc3 Ne4 7. Bxc6+ bxc6 8. O-O Nxc3 9. bxc3 Bg4 10. Qd2 Bxf3 11. gxf3 e6 12. Rfb1 Be7 13. Be5 O-O 14. Kh1 f6 15. Bg3 cxd4 16. exd4 Rae8 17. Rb7 Rf7 18. Qd3 c5 19. Rb5 Qa3 20. Qe3 Bf8 21. dxc5 a6 22. Rb4 e5 23. Qd3 d4 24. Rb3 Qxc5 25. cxd4 exd4 26. c3 Rd7 27. Rd1 Red8 28. c4 Qc6 29. Kg2 Rc8 30. Rc1 Bc5 31. Bf4 Qe6 32. Bg3 h6 33. h4 Qf7 34. Qf5 g6 35. Qd3 f5 36. Be5 Be7 37. Qd2 Kh7 38. Bg3 Rxc4 39. Re1 Bd6 40. Rb6 f4 41. Bh2 Bc5 42. Rb8 Bd6 43. Rb3 Qd5 44. Re4 Rf7 45. Bxf4 Bxf4 46. Rxf4 Rxf4 47. Qxf4 Rc3 48. Rxc3 dxc3 49. Qc7+ Kg8 50. Qxc3 Qxa2 51. Qc8+ Kf7 52. Qd7+ Kf6 53. Qd6+ Qe6 54. Qf8+ Ke5 55. Qxh6 Kd4 56. h5 a5 57. hxg6 Kc4 58. Qf4+ Kb5 59. Qf7 Qe5 60. Qd7+ Ka6 61. g7 1-0